 Dungeon Crawl Stone Soup version 0.20.2-3-g29329e0561 (webtiles) character file.

10531 Alfie the Carver (level 11, -2/95 HPs)
             Began as a Minotaur Fighter on Feb 24, 2021.
             Slain by a spiny frog (12 damage)
             ... on level 1 of the Lair of Beasts.
             The game lasted 00:25:08 (8438 turns).

Alfie the Carver (Minotaur Fighter)                 Turns: 8438, Time: 00:25:09

Health: -2/95      AC: 13    Str: 24    XL:     11   Next: 37%
Magic:  10/10      EV: 17    Int:  5    God:
Gold:   533        SH: 14    Dex: 12    Spells: 10/10 levels left

rFire    + . .     SeeInvis .   a - +0 long sword
rCold    . . .     Gourm    .   c - +1 shield
rNeg     . . .     Faith    .   b - +1 scale mail
rPois    .         Spirit   .   (helmet restricted)
rElec    .         Reflect  .   d - +1 cloak
rCorr    .         Harm     .   (no gloves)
MR       .....                  (no boots)
Stlth    ..........             (no amulet)
Regen    0.3/turn               l - +4 ring of evasion
MPRegen  0.2/turn               t - ring of protection from fire

@: slowed, very slow
A: retaliatory headbutt, horns 2, molten scales 1, agile 1
a: no special abilities


You were on level 1 of the Lair of Beasts.
You were not hungry.

You visited 2 branches of the dungeon, and saw 10 of its levels.
You also visited: Sewer.

You collected 533 gold pieces.

Inventory:

Hand Weapons
 a - a +0 long sword (weapon)
Missiles
 B - 5 tomahawks (quivered)
Armour
 b - a +1 scale mail (worn)
 c - a +1 shield (worn)
 d - a +1 cloak (worn)
Jewellery
 l - a +4 ring of evasion (left hand)
 t - a ring of protection from fire (right hand)
 G - an uncursed ring of flight {unknown}
 J - an uncursed amulet of magic regeneration {unknown}
Wands
 e - a wand of random effects (48/48)
 f - a wand of scattershot (5/9)
 g - a wand of random effects (16/48)
 i - a wand of disintegration (18/24)
 n - a wand of lightning (8/15)
 E - a wand of confusion (28/48)
 H - a wand of flame (29/48)
 I - a wand of scattershot (6/9)
Scrolls
 h - 3 scrolls of remove curse
 j - 2 scrolls of magic mapping
 o - a scroll of amnesia
 r - 5 scrolls of teleportation
 v - 2 scrolls of blinking
 y - 3 scrolls of fear
 C - a scroll of identify
 F - a scroll of enchant armour
 K - a scroll of recharging
Potions
 k - a potion of magic
 q - 3 potions of curing
 s - 2 potions of brilliance {unknown}
 w - 2 potions of lignification {unknown}
 x - a potion of heal wounds
 A - 2 potions of invisibility {unknown}
 D - a potion of flight {unknown}
 L - a potion of agility {unknown}
Books
 z - a book of Debilitation

   Spells                             Type                      Level
   a - Corona                         Hexes                        1
   b - Slow                           Hexes                        2
   c - Inner Flame                    Hexes/Fire                   3
   d - Portal Projectile              Hexes/Translocation          3
   e - Cause Fear                     Hexes                        4
   f - Leda's Liquefaction            Hexes/Earth                  4
Comestibles
 m - 4 bread rations
 p - 4 meat rations
 u - 4 royal jellies
 M - a fruit


   Skills:
 + Level 8.5 Fighting
 + Level 12.6 Long Blades
 + Level 8.6 Armour
 + Level 6.9 Dodging
 + Level 1.7 Stealth
 + Level 11.3 Shields


You had 10 spell levels left.
You didn't know any spells.

Dungeon Overview and Level Annotations

Branches:
Dungeon (9/15)             Temple (0/1) D:4            Lair (1/6) D:9
    Orc (0/2) D:9

Altars:
Ashenzari
Fedhas
Qazlal
Uskayaw
Vehumet
Xom
Zin
Beogh

Shops:
D:7 =


Innate Abilities, Weirdness & Mutations

You reflexively headbutt those who attack you in melee.
You have a pair of horns on your head.
You are partially covered in molten scales. (AC +2)
You are agile. (Dex +2)


Message History

You block the wolf's attack. The wolf barely misses you.
You furiously retaliate!
You headbutt the wolf.
You riposte.
You barely miss the wolf. Your headbutt misses the wolf.
The wolf is almost dead.
The wolf bites you.
* * * LOW HITPOINT WARNING * * *
The wolf completely misses you.
You riposte.
You hit the wolf.
You kill the wolf!
Your surroundings suddenly seem different.
A spiny frog comes into view.
The spiny frog gives a loud, deep croak!
You block the spiny frog's attack.
Found a scroll of teleportation.
You hit the spiny frog but do no damage.
The spiny frog stings you!
* * * LOW HITPOINT WARNING * * *
You hit the spiny frog. You headbutt the spiny frog!
The spiny frog is moderately wounded.
The spiny frog stings you!
You die...

. #### ..
.#..## ...
...... . ..
#......
...#.###.......
..#............
#.....@...?...
##.#..F.......
.............
...............
...............
#..............
#..............
#..............


You could see a spiny frog.

Vanquished Creatures
  2 two-headed ogres
  A death yak (D:9)
  Pikel (D:9)
  A faun (Lair:1)
  The ghost of Alfie the Covered, a novice MiFi (D:5)
  Joseph (D:7)
  The ghost of Alfie the Covered, an amateur MiFi (Sewer)
  2 hippogriffs (D:9)
  A spriggan (D:7)
  A wyvern (D:9)
  Sigmund (D:5)
  A basilisk (D:9)
  Eustachio (D:4)
  2 hungry ghosts (D:9)
  Menkaure (D:4)
  Edmund (D:5)
  A water moccasin (Lair:1)
  A sky beast (D:8)
  2 orc warriors
  2 ice beasts
  2 slaves (D:9)
  5 ogres
  A black bear (D:9)
  14 wolves (Lair:1)
  4 crocodiles
  3 centaurs
  4 bullfrogs
  6 big kobolds
  2 scorpions
  A water moccasin skeleton (D:6)
  9 killer bees (D:7)
  A howler monkey (D:5)
  A centaur zombie (D:7)
  A bullfrog zombie (D:9)
  5 crimson imps
  Crazy Yiuf (D:2)
  3 orc priests
  A centaur skeleton (D:7)
  6 hounds
  7 orc wizards
  2 bullfrog skeletons
  Ijyb (D:3)
  Natasha (thrice) (D:2)
  3 iguanas (D:5)
  5 worker ants
  2 hound zombies
  A hound skeleton (D:8)
  4 gnolls (D:3)
  2 howler monkey skeletons
  10 adders
  A river rat (D:5)
  4 shadow imps
  5 oozes
  5 worms
  4 leopard geckos
  24 orcs
  10 giant cockroaches
  13 hobgoblins
  21 jackals
  A quokka (D:9)
  6 ball pythons
  5 bats
  4 frilled lizards
  2 goblins
  18 kobolds
  A leopard gecko skeleton (D:4)
  2 quokka skeletons
  16 rats
277 creatures vanquished.

Vanquished Creatures (others)
  2 slaves (D:9)
  An orc (D:9)
  A fungus (Lair:1)
4 creatures vanquished.

Grand Total: 281 creatures vanquished

Notes
Turn   | Place    | Note
-------+----------+-------------------------------------------
     0 | D:1      | Alfie the Minotaur Fighter began the quest for the Orb.
     0 | D:1      | Reached XP level 1. HP: 19/19 MP: 0/0
   106 | D:1      | Reached XP level 2. HP: 27/27 MP: 1/1
   484 | D:1      | Reached XP level 3. HP: 33/33 MP: 2/2
   619 | D:2      | Reached skill level 3 in Long Blades
   676 | D:2      | Noticed Natasha
   683 | D:2      | Killed Natasha
   695 | D:2      | Reached XP level 4. HP: 34/40 MP: 3/3
   701 | D:2      | Found a glowing silver altar of Zin.
   857 | D:2      | Noticed Natasha
   863 | D:2      | Killed Natasha
   863 | D:2      | Reached skill level 4 in Long Blades
   863 | D:2      | Reached skill level 1 in Dodging
   917 | D:2      | Found a runed door.
  1198 | D:2      | Noticed Natasha
  1203 | D:2      | Killed Natasha
  1203 | D:2      | Reached XP level 5. HP: 46/46 MP: 4/4
  1476 | D:2      | Noticed Crazy Yiuf
  1489 | D:2      | Killed Crazy Yiuf
  1818 | D:3      | Reached skill level 5 in Shields
  1889 | D:3      | Noticed a dagger
  1889 | D:3      | Noticed a dagger
  1889 | D:3      | Found a hide-covered altar of Uskayaw.
  1899 | D:3      | Reached skill level 5 in Armour
  2022 | D:3      | Reached XP level 6. HP: 32/52 MP: 5/5
  2103 | D:3      | Noticed Ijyb
  2111 | D:3      | Killed Ijyb
  2609 | D:4      | Noticed Menkaure
  2614 | D:4      | Gained mutation: You are partially covered in molten scales. (AC +2) [potion of mutation]
  2614 | D:4      | Gained mutation: You are agile. (Dex +2) [potion of mutation]
  2619 | D:4      | Reached skill level 5 in Long Blades
  2622 | D:4      | Killed Menkaure
  2679 | D:4      | Reached XP level 7. HP: 24/60 MP: 6/6
  2743 | D:4      | Found a blossoming altar of Fedhas.
  3111 | D:4      | Noticed Eustachio
  3162 | D:4      | Killed Eustachio
  3222 | D:4      | Found a staircase to the Ecumenical Temple.
  3322 | D:4      | Reached skill level 6 in Long Blades
  3500 | D:5      | Entered Level 5 of the Dungeon
  3500 | D:5      | Noticed Sigmund
  3514 | D:5      | Killed Sigmund
  3514 | D:5      | Reached skill level 5 in Fighting
  3514 | D:5      | Reached XP level 8. HP: 50/68 MP: 7/7
  3572 | D:5      | Found a glowing drain.
  3584 | Sewer    | Entered a sewer
  3603 | Sewer    | Noticed Alfie's ghost (amateur MiFi)
  3633 | Sewer    | Killed Alfie's ghost
  4072 | Sewer    | Reached skill level 7 in Long Blades
  4239 | D:5      | Found a radiant altar of Vehumet.
  4505 | D:5      | Noticed Alfie's ghost (novice MiFi)
  4522 | D:5      | Killed Alfie's ghost
  4522 | D:5      | Reached skill level 8 in Long Blades
  4522 | D:5      | Reached XP level 9. HP: 56/75 MP: 8/8
  4988 | D:5      | Noticed Edmund
  5000 | D:5      | Killed Edmund
  5103 | D:6      | Reached skill level 9 in Long Blades
  5333 | D:6      | Found a stormy altar of Qazlal.
  5832 | D:7      | Found Nuacos's Jewellery Emporium.
  5858 | D:7      | Reached skill level 5 in Dodging
  5907 | D:7      | Reached skill level 10 in Long Blades
  5983 | D:7      | Noticed Joseph
  6003 | D:7      | Killed Joseph
  6043 | D:7      | Reached skill level 1 in Stealth
  6043 | D:7      | Reached XP level 10. HP: 71/84 MP: 9/9
  6758 | D:8      | Noticed a two-headed ogre
  6778 | D:8      | Killed a two-headed ogre
  6778 | D:8      | Reached skill level 11 in Long Blades
  6778 | D:8      | Reached skill level 10 in Shields
  6868 | D:8      | Found a shattered altar of Ashenzari.
  6884 | D:8      | Found a shimmering altar of Xom.
  6965 | D:8      | Found a shimmering altar of Xom.
  6965 | D:8      | Found a shimmering altar of Xom.
  6965 | D:8      | Found a shimmering altar of Xom.
  6965 | D:8      | Found a shimmering altar of Xom.
  6965 | D:8      | Found a shimmering altar of Xom.
  7420 | D:9      | Found a radiant altar of Vehumet.
  7822 | D:9      | Noticed Pikel
  7849 | D:9      | Killed Pikel
  7867 | D:9      | Found a staircase to the Orcish Mines.
  8039 | D:9      | Noticed a death yak
  8040 | D:9      | Found a staircase to the Lair.
  8040 | D:9      | Noticed a two-headed ogre
  8058 | D:9      | Killed a death yak
  8062 | D:9      | Killed a two-headed ogre
  8062 | D:9      | Reached skill level 12 in Long Blades
  8062 | D:9      | Reached XP level 11. HP: 93/95 MP: 10/10
  8186 | D:9      | Found a roughly hewn altar of Beogh.
  8238 | Lair:1   | Entered Level 1 of the Lair of Beasts
  8438 | Lair:1   | Slain by a spiny frog

Skill      XL: |  1  2  3  4  5  6  7  8  9 10 11 |
---------------+----------------------------------+-----
Armour         | 4 5 6 7 8 |  8.6
Shields        | 4 5 6 8 9 10 11 | 11.3
Long Blades    | 3 4 5 6 8 10 12 | 12.6
Dodging        | 1 2 3 4 5 6 |  6.9
Fighting       | 4 5 6 8 |  8.5
Stealth        | 1 |  1.7

Action                   |  1- 3 |  4- 6 |  7- 9 | 10-12 || total
-------------------------+-------+-------+-------+-------++-------
Melee: Long sword        |    84 |   144 |   436 |   334 ||   998
       Headbutt          |    17 |    26 |    91 |    90 ||   224
  Use: Scroll            |       |     5 |    10 |     2 ||    17
       Potion            |       |     4 |     2 |     1 ||     7
  Eat: Fruit             |       |     3 |     3 |     2 ||     8
       Bread ration      |       |     1 |     1 |     2 ||     4
       Meat ration       |       |       |     1 |       ||     1
       Chunk             |       |       |       |     4 ||     4
Armor: Scale mail        |    38 |    55 |   116 |    74 ||   283
Dodge: Dodged            |    33 |    54 |   246 |   188 ||   521
Block: Shield            |    51 |   106 |   280 |   212 ||   649
       Rpst.: Long sword |    10 |    15 |    55 |    45 ||   125
